 Dungeon Crawl Stone Soup version 0.28-a0-472-g50180c0d78 (webtiles) character file.

Game seed: 7696241425994987504

46 MacCMillion the Sneak (level 3, -1/25 HPs)
             Began as a Gnoll Enchanter on Sept 15, 2021.
             Slain by an orc priest (6 damage)
             ... on level 3 of the Dungeon.
             The game lasted 00:06:51 (1733 turns).

MacCMillion the Sneak (Gnoll Enchanter)             Turns: 1733, Time: 00:06:52

Health: -1/25      AC:  3    Str:  7    XL:     3   Next: 66%
Magic:  9/18       EV: 13    Int: 14    God:
Gold:   62         SH:  0    Dex: 13    Spells: 10/12 levels left

rFire   . . .      SeeInvis .   a - +1 dagger
rCold   . . .      Faith    .   (no shield)
rNeg    . . .      Spirit   .   b - +0 robe
rPois   .          Reflect  .   i - +0 helmet
rElec   .          Harm     .   (no cloak)
rCorr   .          Rampage  .   (no gloves)
Will    .....                   (no boots)
Stlth   +++.......              (no amulet)
HPRegen 0.08/turn               j - ring of magical power
MPRegen 0.16/turn               (no ring)

@: very slightly contaminated
A: fangs 1, strong nose, distributed training
a: no special abilities


You were on level 3 of the Dungeon.
You visited 1 branch of the dungeon, and saw 3 of its levels.

You collected 62 gold pieces.

Inventory:

Hand Weapons
 a - a +1 dagger (weapon)
Armour
 b - a +0 robe (worn)
 i - a +0 helmet (worn)
Jewellery
 j - a ring of magical power (left hand)
 l - a ring of positive energy
 p - a ring of protection from cold
 r - a +4 ring of evasion
Scrolls
 g - a scroll of vulnerability {unknown}
 h - a scroll of magic mapping {unknown}
 k - a scroll of amnesia {unknown}
 m - a scroll of enchant weapon {unknown}
 n - a scroll of enchant armour {unknown}
 s - a scroll of noise {unknown}
 t - a scroll of immolation {unknown}
Potions
 c - a potion of invisibility
 d - a potion of attraction
 f - a potion of curing
 o - a potion of resistance {unknown}
 q - a potion of mutation {unknown}


   Skills:
 + Level 0.9 Fighting
 + Level 2.6 Short Blades
 + Level 0.9 Long Blades
 + Level 0.9 Axes
 + Level 0.9 Maces & Flails
 + Level 0.9 Polearms
 + Level 0.9 Staves
 + Level 0.9 Slings
 + Level 0.9 Bows
 + Level 0.9 Crossbows
 + Level 0.9 Throwing
 + Level 0.9 Armour
 + Level 4.5 Dodging
 + Level 6.0 Stealth
 + Level 0.9 Shields
 + Level 0.9 Unarmed Combat
 + Level 5.0 Spellcasting
 + Level 0.6 Conjurations
 + Level 5.4 Hexes
 + Level 0.6 Summonings
 + Level 0.6 Necromancy
 + Level 0.6 Translocations
 + Level 0.6 Transmutations
 + Level 0.6 Fire Magic
 + Level 0.6 Ice Magic
 + Level 0.6 Air Magic
 + Level 0.6 Earth Magic
 + Level 0.6 Poison Magic
 + Level 1.0 Invocations
 + Level 0.9 Evocations


You had 10 spell levels left.
You knew the following spells:

 Your Spells              Type           Power      Damage    Failure   Level
a - Ensorcelled Hibernat  Hex/Ice        24%        N/A       8%          2

Your spell library contained the following spells:

 Spells                   Type           Power      Damage    Failure   Level
 Confusing Touch          Hex            18%        N/A       5%          3
 Tukima's Dance           Hex            18%        N/A       5%          3
 Sandblast                Erth           10%        2d5       14%         1
 Dazzling Flash           Conj/Hex       24%        N/A       16%         3
 Passwall                 Tmut/Erth      4%         N/A       21%         2
 Stone Arrow              Conj/Erth      10%        3d7       38%         3


Dungeon Overview and Level Annotations

Branches:
Dungeon (3/15)

Altars:
The Shining One

Shops:
D:3 *


Innate Abilities, Weirdness & Mutations

You have very sharp teeth.
Your uncanny sense of smell can sniff out nearby items.
Your experience applies equally to all skills.


Message History

Aiming: Ensorcelled Hibernation (safe; 8% risk of failure)
Press: ? - help, Shift-Dir - straight line, f/p - orc priest
Aim: an orc priest, wielding a +0 hand axe and wearing a +0 leather armour (chance to affect: 43%)
The orc priest resists with some effort.
The bat hits you but does no damage.
The orc priest invokes the aid of Beogh against you.
Beogh smites you!
Ouch! That really hurt!
You hear a shout!
The kobold shouts!
You hit the orc priest but do no damage.
You bite the orc priest, but do no damage.
The bat closely misses you.
The orc priest hits you with a +0 hand axe.
* * * LOW HITPOINT WARNING * * *
Casting: Ensorcelled Hibernation (safe; 8% risk of failure)
Confirm with . or Enter, or press ? or * to list all spells.
Aiming: Ensorcelled Hibernation (safe; 8% risk of failure)
Press: ? - help, Shift-Dir - straight line, f/p - orc priest
Aim: an orc priest, wielding a +0 hand axe and wearing a +0 leather armour (chance to affect: 43%)
You miscast Ensorcelled Hibernation.
You are very lightly contaminated with residual magic.
Nothing appears to happen.
The bat hits you but does no damage.
The orc priest hits you but does no damage.
Casting: Ensorcelled Hibernation (safe; 8% risk of failure)
Confirm with . or Enter, or press ? or * to list all spells.
Aiming: Ensorcelled Hibernation (safe; 8% risk of failure)
Press: ? - help, Shift-Dir - straight line, f/p - orc priest
Aim: an orc priest, wielding a +0 hand axe and wearing a +0 leather armour (chance to affect: 43%)
The orc priest resists with some effort.
The bat hits you but does no damage. The bat barely misses you.
The orc priest looks satisfied for a moment.
Casting: Ensorcelled Hibernation (safe; 8% risk of failure)
Confirm with . or Enter, or press ? or * to list all spells.
Aiming: Ensorcelled Hibernation (safe; 8% risk of failure)
Press: ? - help, Shift-Dir - straight line, f/p - orc priest
Aim: an orc priest, wielding a +0 hand axe and wearing a +0 leather armour (chance to affect: 43%)
You miscast Ensorcelled Hibernation.
Nothing appears to happen.
The bat closely misses you.
The orc priest hits you with a +0 hand axe.
You die...

.... #..o. ..... .o.... ..
...... ?.... ######.K.....
. ... .....####..@o........
.#.. #........##b..###...
...# .. #.$.....#
#.#.#?#.#. #..
#.#.......###...#.#...###.#
#............###...###....#
#...†.....#.#?#$#.#[#.#..#
###.......##.#.#.##....#
####.###..#.#.#..###.#
#.#$.†#.#.#.#..)#.##


You could see an orc priest, a bat and a kobold.

Vanquished Creatures
  An adder (D:3)
  A worm (D:3)
  2 dart slugs
  2 ball pythons
  A giant cockroach (D:3)
  3 goblins
  6 hobgoblins
  3 kobolds
  4 quokkas
  A frilled lizard (D:2)
  2 rats (D:2)
26 creatures vanquished.

Notes
Turn   | Place    | Note
-------+----------+-------------------------------------------
     0 | D:1      | MacCMillion the Gnoll Enchanter began the quest for the
                  | Orb.
     0 | D:1      | Reached XP level 1. HP: 13/13 MP: 6/6
   342 | D:1      | Reached XP level 2. HP: 19/19 MP: 7/7
   376 | D:1      | Found a faded altar of an unknown god.
   422 | D:1      | Learned a level 2 spell: Ensorcelled Hibernation
   799 | D:2      | Found a glowing golden altar of the Shining One.
  1278 | D:2      | Reached XP level 3. HP: 22/25 MP: 9/9
  1424 | D:3      | Found Pyttunes's Assorted Antiques.
  1427 | D:3      | Reached skill level 5 in Spellcasting
  1527 | D:3      | Reached skill level 6 in Stealth
  1702 | D:3      | Reached skill level 1 in Invocations
  1733 | D:3      | Slain by an orc priest

Illustrated notes

Levels and vault maps discovered:
D:1:      minmay_arrival_shoal_huts, layout_loops_cross,
          hellmonk_ecumenical_altar_run_dry, chequers_mini_garden
D:2:      layout_rooms, basic_altar
D:3:      layout_rooms, nicolae_overflow_crystal_walls,
          nicolae_yredelemnul_corpse_copse, serial_shops, shop,
          minmay_starry_boxes

Skill      XL: |  1  2  3 |
---------------+----------+-----
Spellcasting   | 5 |  5.0
Stealth        | 6 |  6.0
Invocations    | 1 |  1.0
Fighting       | |  0.9
Short Blades   | |  2.6
Long Blades    | |  0.9
Axes           | |  0.9
Maces & Flails | |  0.9
Polearms       | |  0.9
Staves         | |  0.9
Slings         | |  0.9
Bows           | |  0.9
Crossbows      | |  0.9
Throwing       | |  0.9
Armour         | |  0.9
Dodging        | |  4.5
Shields        | |  0.9
Unarmed Combat | |  0.9
Conjurations   | |  0.6
Hexes          | |  5.4
Summonings     | |  0.6
Necromancy     | |  0.6
Translocations | |  0.6
Transmutations | |  0.6
Fire Magic     | |  0.6
Ice Magic      | |  0.6
Air Magic      | |  0.6
Earth Magic    | |  0.6
Poison Magic   | |  0.6
Evocations     | |  0.9

Action                   || total
-------------------------++-------
Melee: Dagger            ||    66
       Bite              ||     8
 Cast: Ensorcelled Hiber ||    15
  Use: Scroll            ||     2
 Stab: Sleeping          ||    15
Armor: Robe              ||    10
Dodge: Dodged            ||    41

Table legend: (Time is in decaauts)
 A = Elapsed time spent in this place.
 B = Non-inter-level travel time spent in this place.
 C = Inter-level travel time spent in this place.
 D = Time resting spent in this place.
 E = Time spent auto-exploring this place.
 F = Levels seen in this place.
 G = Mean time per level.
                   A        B        C        D        E       F      G
               +--------+--------+--------+--------+--------+-----+--------+
         Total |   1724 |   1669 |     55 |    422 |    923 |   3 |  574.7 |
       Dungeon |   1724 |   1669 |     55 |    422 |    923 |   3 |  574.7 |
               +--------+--------+--------+--------+--------+-----+--------+

Top non-repeatable levels by time:
     D:1: 793 daAuts
     D:2: 622 daAuts
     D:3: 308 daAuts
